 Dungeon Crawl Stone Soup version 0.25-a0-86-ga6f17ae7d4 (webtiles) character file.

Game seed: 7320221578427195527, levelgen mode: deterministic

89 MordorOrchid the Slasher (level 4, -7/60 HPs)
             Began as a Minotaur Chaos Knight on Nov 9, 2019.
             Was a Plaything of Xom.
             Mangled by an unseen horror (shapeshifter) (8 damage)
             ... on level 3 of the Dungeon.
             The game lasted 00:03:51 (1254 turns).

MordorOrchid the Slasher (Minotaur Chaos Knight)    Turns: 1254, Time: 00:03:52

Health: -7/60      AC:  7    Str: 22    XL:     4   Next: 31%
Magic:  3/3        EV: 10    Int:  9    God:    Xom [..*...]
Gold:   118        SH:  0    Dex: 10    Spells: 3/3 levels left

rFire    . . .     SeeInvis .   a - +0 falchion (chaos)
rCold    . . .     Gourm    .   (no shield)
rNeg     + . .     Faith    .   w - +1 scale mail {rN+}
rPois    .         Spirit   .   (helmet restricted)
rElec    .         Reflect  .   (no cloak)
rCorr    .         Harm     .   (no gloves)
MR       .....                  (no boots)
Stlth    ..........             (no amulet)
HPRegen  0.20/turn              (no ring)
MPRegen  0.08/turn              (no ring)

@: berserking, very quick
A: retaliatory headbutt, horns 2
a: Renounce Religion


You were on level 3 of the Dungeon.
You worshipped Xom.
You were a toy of Xom.
You were not hungry.

You visited 1 branch of the dungeon, and saw 3 of its levels.

You collected 118 gold pieces.

Inventory:

Hand Weapons
 a - a +0 falchion of chaos (weapon)
 g - a +2 dagger of venom
 v - a +1 dagger of holy wrath
Missiles
 d - 111 arrows
 i - 17 sling bullets
 k - 50 stones (quivered)
Armour
 b - a +2 leather armour
 w - a +1 scale mail of positive energy (worn)
Jewellery
 j - an uncursed amulet of rage {unknown}
Scrolls
 e - a scroll of noise {unknown}
 h - 2 scrolls of teleportation {unknown}
 r - a scroll of amnesia {unknown}
 s - a scroll of immolation {unknown}
Potions
 f - a potion of curing
 l - a potion of might {unknown}
 m - a potion of resistance {unknown}
 n - a potion of experience {unknown}
 o - a potion of flight {unknown}
 t - a potion of mutation {unknown}
Comestibles
 c - 5 rations
 p - a chunk of flesh


   Skills:
 - Level 4.0 Fighting
 + Level 5.3 Long Blades
 * Level 3.6 Armour
 - Level 1.1 Dodging


You had 3 spell levels left.
You didn't know any spells.
Your spell library was empty.

Dungeon Overview and Level Annotations

Branches:
Dungeon (2/15)

Altars:
Elyvilon
Sif Muna


Innate Abilities, Weirdness & Mutations

You reflexively headbutt those who attack you in melee.
You have a pair of horns on your head.


Message History

You closely miss something. Something hits you.
* * * LOW HITPOINT WARNING * * *
Something hits you but does no damage.
You swing at nothing.
Something hits you.
* * * LOW HITPOINT WARNING * * *
You feel better. Something hits you.
* * * LOW HITPOINT WARNING * * *
Unknown command.
It was a potion of berserk rage.
A red film seems to cover your vision as you go berserk!
You feel yourself moving faster!
You feel mighty! Something hits you.
* * * LOW HITPOINT WARNING * * *
Something hits you.
* * * LOW HITPOINT WARNING * * *
You miss something. Something hits you.
* * * LOW HITPOINT WARNING * * *
You barely miss something. Something hits you.
* * * LOW HITPOINT WARNING * * *
Something hits you!
You die...

#.###..##....######
#
#......###....)..[#
#.....## #...#....#
#...### #...#....#
#.#### ##..##...#
#....#### #..# ##.#
#.......####.. ...
#..(......###.. ...
#.(...@....# ## ...
#.###{####..# #.#
#...# #.# #....# #.
#....# #[.....
######.. ... ..


There were no monsters in sight!

Vanquished Creatures
  2 adders
  3 worms
  A dart slug (D:3)
  3 leopard geckos
  2 orcs (D:3)
  9 giant cockroaches
  5 goblins
  4 hobgoblins
  7 kobolds
  A quokka (D:3)
  A ball python (D:2)
  2 bats (D:2)
  3 frilled lizards
  A quokka zombie (D:3)
  8 rats
52 creatures vanquished.

Vanquished Creatures (others)
  A worm (D:2)
1 creature vanquished.

Grand Total: 53 creatures vanquished

Notes
Turn   | Place    | Note
-------+----------+-------------------------------------------
     0 | D:1      | MordorOrchid the Minotaur Chaos Knight began the quest for
                  | the Orb.
     0 | D:1      | Reached XP level 1. HP: 19/19 MP: 0/0
   287 | D:1      | Reached XP level 2. HP: 27/27 MP: 1/1
   290 | D:1      | Reached skill level 4 in Long Blades
   589 | D:1      | XOM: harmless Fire miscast
   680 | D:2      | XOM: harmless Summ miscast
   750 | D:2      | Reached XP level 3. HP: 31/33 MP: 2/2
   784 | D:2      | XOM: confusion (+ monsters)
   788 | D:2      | XOM: enchant monster (good)
   855 | D:2      | XOM: harmless Fire miscast
   975 | D:2      | Found a white marble altar of Elyvilon.
   977 | D:2      | Found a shimmering blue altar of Sif Muna.
  1066 | D:2      | XOM: mild Erth miscast
  1104 | D:2      | You fall into a shaft and drop 1 floor!
  1120 | D:3      | Reached skill level 5 in Long Blades
  1170 | D:3      | Reached XP level 4. HP: 34/40 MP: 3/3
  1198 | D:3      | XOM: 1-stop teleportation journey
  1238 | D:3      | Noticed a shapeshifter
  1238 | D:3      | an adder changed into a shapeshifter
  1238 | D:3      | a shapeshifter changed into something unseen
  1253 | D:3      | HP: 2/60 [something (4)]
  1254 | D:3      | Mangled by an unseen horror (shapeshifter)

Levels and vault maps discovered:
D:1:      dpeg_arrival_more_subterranean_lakeside_camping, layout_basic,
          serial_bayou_pond_e, glass_columns_c
D:2:      minmay_roachtagon, layout_loops_ring, nicolae_ashenzari_panopticon,
          nicolae_overflow_hidden_temple
D:3:      minmay_recursive_quarters, layout_basic,
          nicolae_overflow_crystal_walls, uniq_ijyb

Skill      XL: |  1  2  3 |
---------------+----------+-----
Long Blades    | 4 5 |  5.3
Fighting       | 4 |  4.0
Armour         | 3 |  3.6
Dodging        | |  1.1

Action                   |  1- 3 |  4- 6 || total
-------------------------+-------+-------++-------
Melee: Falchion          |    99 |    28 ||   127
       Headbutt          |    10 |     7 ||    17
  Use: Potion            |       |     4 ||     4
 Stab: Paralysed         |       |     3 ||     3
  Eat: Chunk             |     1 |       ||     1
Armor: Leather armour    |    33 |     6 ||    39
       Scale mail        |       |    11 ||    11
Dodge: Dodged            |    71 |    14 ||    85
       Rpst.: Falchion   |    19 |     5 ||    24

Table legend:
 A = Non-vault XP
 B = Vault XP
 C = Vault XP percentage of total XP
 D = Non-vault monster count
 E = Vault monster count
 F = Vault count percentage of total count
                 A         B        C        D         E       F
            +---------+---------+-------+---------+---------+-------
      Total |      91 |      37 |  28.9 |      37 |      16 |  30.2
            +---------+---------+-------+---------+---------+-------
        D:1 |      23 |       0 |   0.0 |      15 |       0 |   0.0
        D:2 |      44 |      16 |  26.7 |      17 |       8 |  32.0
        D:3 |      24 |      21 |  46.7 |       5 |       8 |  61.5
            +---------+---------+-------+---------+---------+-------
